[Event "4NCL Div 2 2024-25"]
[Site "England"]
[Date "2025.01.25"]
[Round "3.18"]
[White "Kacprzak, Kacper"]
[Black "Dunn, Andrew M"]
[Result "1-0"]
[Annotator "TA"]
[ECO "B12"]
[WhiteElo "2291"]
[BlackElo "2117"]
[PlyCount "73"]
[EventDate "2024.11.23"]
[EventType "team-tourn"]
[EventCountry "ENG"]
[SourceTitle "playchess.com"]
[Source "ChessBase"]
[SourceQuality "1"]
[TimeControl "40/6000+30:3000+30"]

1. e4 c6 2. d4 d5 3. f3 dxe4 4. fxe4 e5 5. Nf3 Bg4 6. c3 {[%emt 0:00:17] B12: Caro-Kann: Advance Variation.} Nd7 7. Bd3 Bd6 8. O-O {[%emt 0:00:22] White is slightly better.} Ngf6 9. Na3 b5 {[%emt 0:11:59] Prevents Nc4.} 10. Nc2 Qc7 (10... O-O $11) 11. Ne3 $146 {[%emt 0:10:27] Black is now going downhill.} (11. Qe1 O-O 12. Qh4 Rad8 13. Ne3 Bh5 14. Nf5 Bg6 15. Nxd6 Qxd6 16. Bg5 Rfe8 17. Rae1 {½-½ Abasov,N (2665)-Asadli,V (2572) AZE-ch Prelim 75th 2021 (2)}) 11... exd4 (11... Be6 $14) 12. cxd4 Bxh2+ 13. Kh1 Bf4 (13... h5 $16 14. a4 Bf4) 14. e5 $18 Bxe5 (14... Bxe3 $142 15. exf6 (15. Bxe3 Nd5 $16) 15... Bh6 16. Qe1+ Be6) 15. Nxg4 (15. dxe5 Bxf3 16. Qxf3 Nxe5 $18) 15... Nxg4 16. Nxe5 Ndxe5 17. dxe5 Nxe5 18. Bf4 O-O-O 19. Bf5+ Kb7 20. Qe2 Rhe8 21. a4 (21. Bxh7 Qe7 $18) 21... b4 22. Be4 {[%emt 0:10:51] A strong pair of Bishops.} (22. Bxh7 g6 23. Rad1 Rc8 $18 (23... f6 $2 24. Bxg6 Rh8+ 25. Kg1 $18)) 22... a6 {[%emt 0:04:43][%cal Ba7a6,Ba6a5][%mdl 32] Wards off Qb5+} 23. Rac1 {[%emt 0:06:04][%cal Of4e5] and Bxe5! should not be overlooked} (23. Bxh7 Rh8 $18) 23... Re6 (23... Rd6 $142 24. Rfd1 (24. Bxh7 g5 $11) 24... Rxd1+ 25. Qxd1 Re6) 24. Rc4 (24. Bxh7 Rh8 25. Qe4 g5 26. Bxg5 (26. Bxe5 Rxe5 27. Qxb4+ Ka8 $15) 26... f6 27. Qxb4+ (27. Bxf6 $2 Rxh7+ 28. Bh4 Qe7 $19) 27... Ka7 $17) 24... a5 25. Bxe5 (25. Bxh7 $2 Rh8 26. Rd4 Rxh7+ 27. Kg1 f6 $19) 25... Qxe5 {[%emt 0:00:44] [#]} 26. Bxc6+ $1 Kb6 27. Qf2+ Qe3 (27... Ka6 $142 28. Bb5+ (28. Qxf7 Rh6+ 29. Kg1 Qh2+ 30. Kf2 Rf6+ $19) 28... Kb7 29. Qxf7+ Kb6) 28. Qxe3+ Rxe3 29. Rxf7 Rd6 30. Rb7+ Ka6 31. Rxg7 Re1+ 32. Kh2 Rh6+ 33. Kg3 Re3+ 34. Bf3 Rb3 35. Rc8 Rxb2 36. Rb7 Rg6+ 37. Kh4 {[%emt 0:00:04] Weighted Error Value: White=0.54/Black=1.06  Mistake:       	---       	Black=6      Inaccurate:     	White=1     	Black=3      OK:         	White=11    	Black=4      Best:        	White=4     	Black=2} 1-0

[Event "4NCL Div 2 2024-25"]
[Site "England"]
[Date "2025.01.25"]
[Round "3.19"]
[White "Gayson, Peter M"]
[Black "Starosta, Martyna"]
[Result "0-1"]
[Annotator "TA"]
[ECO "C03"]
[WhiteElo "2087"]
[BlackElo "2309"]
[PlyCount "88"]
[EventDate "2024.11.23"]
[EventType "team-tourn"]
[EventCountry "ENG"]
[SourceTitle "playchess.com"]
[Source "ChessBase"]
[SourceQuality "1"]
[TimeControl "40/6000+30:3000+30"]

1. e4 e6 2. d4 d5 3. Nd2 Be7 4. exd5 exd5 5. Ngf3 Nf6 6. Bd3 Bg4 7. h3 Bh5 8. O-O {[%emt 0:00:43] The position is equal.} O-O 9. Re1 c5 10. dxc5 Bxc5 11. Nb3 Bb6 12. Bg5 h6 13. Bh4 Qd6 14. Kf1 Nc6 15. Bg3 (15. Nbd2 $11) 15... Qd7 $17 16. a4 a6 (16... a5 $5) 17. a5 Ba7 18. c3 Rfe8 19. Nbd2 Rxe1+ $1 20. Qxe1 Re8 21. Qb1 Qe7 {[%emt 0:15:21] aiming for ...Ne4. Black is more active.} 22. Qc2 Ne4 {[%emt 0:04:03] ...Nxg3+ would now be deadly.} 23. Re1 {[%emt 0:05:54][%cal Rd2e4] [#]} Bxf3 ({Inferior is} 23... Nxa5 24. Nxe4 dxe4 25. Rxe4 $18) (23... f5 $1 $17 24. Bf4 Nxa5 (24... Bxf2 25. Nxe4 Bxe1 26. Nd6 $15)) 24. Nxf3 $15 Nxa5 25. Bxe4 dxe4 {[%emt 0:00:17] Black continues to play with concentration.} 26. Nd2 {[%emt 0:00:29] [#]} (26. Ne5 $142) 26... f5 $1 $17 27. Bf4 Nc6 28. Be3 Bb8 29. Qb3+ Kh8 30. Bb6 (30. Re2 $17 {was worth a try.}) 30... Ne5 {[%emt 0:05:46] ...Nd3 is the strong threat.} 31. Bd4 (31. Qd5 $17 {was necessary.}) 31... Nd3 $19 32. Ra1 Be5 33. Ra4 (33. Ba7) 33... Bxd4 34. Rxd4 e3 {[%emt 0:07:25][%cal Oe3f2] ( -> ...exf2!)} 35. Rxd3 exf2 36. Kxf2 Qe2+ 37. Kg1 Qxd3 {[%emt 0:00:17][%mdl 4096] Endgame. KQR-KQN} 38. Nf3 {[%emt 0:00:07] Prevents Re1+} Qe3+ 39. Kh1 Qc1+ 40. Kh2 Qf4+ 41. Kh1 b5 {[%emt 0:58:48] Strongly threatening ...Re2.} 42. Qf7 Re4 {[%emt 0:00:46] Threatens to win with ...Re2.} 43. b4 Re2 {[%emt 0:00:00] And now ...Rc2 would win.} 44. h4 Qg4 {[%emt 0:00:00] Weighted Error Value: White=0.48/Black=0.22 (precise) .  Mistake:       	White=5     	Black=1      Inaccurate:     	White=1     	---        OK:         	White=8     	Black=12     Best:        	White=2     	Black=2} 0-1

[Event "4NCL Div 2 2024-25"]
[Site "England"]
[Date "2025.01.25"]
[Round "3.20"]
[White "Webb, Richard M"]
[Black "Edwards-Wright, Miles D"]
[Result "1-0"]
[Annotator "TA"]
[ECO "B06"]
[WhiteElo "2172"]
[BlackElo "1970"]
[PlyCount "77"]
[EventDate "2024.11.23"]
[EventType "team-tourn"]
[EventCountry "ENG"]
[SourceTitle "playchess.com"]
[Source "ChessBase"]
[SourceQuality "1"]
[TimeControl "40/6000+30:3000+30"]

1. e4 g6 2. d4 Bg7 3. Nc3 d6 4. Be3 a6 5. Qd2 b5 6. a3 Nd7 {[%emt 0:00:09] B06: Modern Defence.} 7. h4 h5 8. Nh3 Nb6 {[%emt 0:06:48] The position is equal.} 9. Ng5 Nh6 10. f3 c6 $146 (10... Bb7 11. Bd3 d5 12. exd5 Nxd5 13. Nxd5 Bxd5 14. Be4 Bxe4 15. Nxe4 Nf5 16. c3 Qd5 {½-½ Moreno Mora,M (1694)-Lopez L,D (1740) Olympiad Women-45 2024 (8.2)}) 11. b3 Qc7 12. Rd1 Bd7 13. Be2 Rd8 ({Black should try} 13... a5 $11) 14. Kf2 d5 15. Bf4 ({Better is} 15. e5 $1 $11) 15... Qc8 $1 $15 16. exd5 (16. e5 $1 $11) 16... cxd5 $17 17. Na2 Nf5 18. c3 f6 19. Nh3 Nxh4 20. Nb4 a5 21. Nd3 a4 22. Nc5 (22. bxa4 $142 Nxa4 23. Nb4) 22... axb3 23. Nxd7 Qxd7 (23... Kxd7 24. Bxb5+ Ke6 25. Qe2+ Kf7 26. Rde1 $11) 24. Rb1 (24. Qb2 $17) 24... Nc4 25. Qd3 (25. Qd1 $17) 25... O-O (25... Nxa3 26. Rxb3 Nc4 27. Qb1 $17) 26. g3 Nf5 27. g4 {[%emt 0:01:02] [#]} hxg4 28. fxg4 e5 $2 (28... Nh4 $19 {And now ...e5 would win.} 29. Bg3 g5 30. Bxh4 gxh4) 29. gxf5 $11 e4 (29... b2 $11 {keeps the balance.}) 30. Qg3 Qxf5 31. Qg4 $36 {[%emt 0:10:12][%mdl 2048] White has some pressure.} e3+ 32. Kg3 {[%emt 0:00:34] Hoping for Qxf5. Some like it hot} Qxg4+ {[%emt 0:03:42] Reckless King} 33. Kxg4 (33. Bxg4 $16 b2 34. Be6+ Rf7 35. Rhe1 (35. Bxf7+ Kxf7 36. Bxe3 Re8 $11) (35. Kf3 g5 $11)) 33... Rfe8 (33... g5 $1 $11 {and Black stays safe.}) 34. Rxb3 $18 g5 (34... Nd2 $16 {is a better defense.} 35. Rxb5 Rc8 36. Rxd5 Rxc3) 35. Rxb5 gxf4 {[%emt 0:00:50] [#]} 36. Nxf4 (36. Rxd5 $1 $18 Nxa3 (36... Rxd5 $2 {too greedy.} 37. Bxc4 f5+ 38. Kg5 $18) 37. Nxf4 (37. Rxd8 Rxd8 38. Nxf4 Rc8 $18)) 36... Nxa3 (36... f5+ $16 37. Kh3 (37. Kxf5 Nd6+ 38. Kg4 Ne4 $11) 37... Nd2) 37. Rxd5 f5+ $2 (37... Rxd5 38. Nxd5 Ra8 39. Nxe3 Rd8) 38. Rxf5 ({Less strong is} 38. Kxf5 Rf8+ 39. Kg5 Rxd5+ 40. Nxd5 Rf2 $18) 38... Rc8 39. Bf3 {[%emt 0:05:06] White used his chance.   Weighted Error Value: White=0.36/Black=0.44  Loses game:     	---       	Black=1      Missed win:     	---       	Black=1      Mistake:       	White=7     	Black=5      Inaccurate:     	White=4     	Black=2      OK:         	White=11    	Black=8      Best:        	White=4     	Black=2      Strong:       	---       	Black=1} 1-0

[Event "4NCL Div 2 2024-25"]
[Site "England"]
[Date "2025.01.25"]
[Round "3.21"]
[White "Eagleton, Greg T"]
[Black "Thompson, Ian D"]
[Result "0-1"]
[Annotator "TA"]
[ECO "D02"]
[WhiteElo "2053"]
[BlackElo "2010"]
[PlyCount "128"]
[EventDate "2024.11.23"]
[EventType "team-tourn"]
[EventCountry "ENG"]
[SourceTitle "playchess.com"]
[Source "ChessBase"]
[SourceQuality "1"]
[TimeControl "40/6000+30:3000+30"]

1. d4 d5 2. Nf3 Nf6 3. g3 c6 4. Bg2 Bf5 5. Nbd2 e6 6. O-O Be7 {[%emt 0:00:56] is the legacy move (6...h6).} 7. c4 {[%emt 0:05:34] D02: 1 d4 d5 2 Nf3 sidelines, including 2...Nf6 3 g3 and 2...Nf6 3 Bf4.} Nbd7 8. Nh4 Bg4 9. Re1 {[%emt 0:12:30] The position is equal.} Bh5 10. Nhf3 $146 (10. Qb3 Rb8 11. Ndf3 dxc4 12. Qxc4 Nb6 13. Qb3 Nbd5 14. Ne5 Nd7 15. Nhf3 Nxe5 16. dxe5 {1-0 Johansson,P (2170)-Wicklund Hansen,R (2025) Troll Masters 1996 (3)}) 10... O-O 11. a3 h6 12. b3 Bg6 13. Bb2 Rc8 14. Ne5 (14. e3 $11) 14... Nxe5 $1 $15 15. dxe5 Nd7 16. Rc1 f6 (16... b5 $15) 17. exf6 Bxf6 18. Bxf6 Qxf6 19. Nf3 Rce8 20. Rf1 Qb2 21. Nh4 Bh7 22. cxd5 (22. e4 $1 $15) 22... exd5 $17 (22... Qxa3 $2 23. dxc6 Nc5 24. c7 $18 (24. cxb7 Rd8 $18)) 23. Bxd5+ $2 (23. Bf3 $17) 23... cxd5 $19 24. Qxd5+ Rf7 25. Rc7 Ree7 26. Qxb7 Be4 (26... Qxe2 27. Rxd7 Rxd7 28. Qc8+ Rf8 29. Qxd7) (26... Qxa3 $2 27. b4 g5 28. Nf3 $19) (26... g5 $142 27. Nf3 g4 (27... Qxe2 $2 28. Nd4 $19) (27... Qxa3 28. Qc6 $17)) 27. Qxa7 Qxe2 28. Qe3 Qxe3 29. fxe3 Ne5 $36 {[%emt 0:01:10][%mdl 2048] White is under strong pressure.} 30. Rxf7 Rxf7 (30... Kxf7 31. Rxe7+ Kxe7 32. Ng2) 31. Rc8+ Rf8 $1 {[%emt 0:00:43] Black is more active.} 32. Rc5 (32. Rxf8+ {was the only chance.} Kxf8 33. h3) 32... Ng4 33. Rc3 $2 (33. h3 Nxe3 34. Rc1) 33... Nf2 34. h3 Nxh3+ 35. Kh2 Ng5 {[%emt 0:00:11] ( -> ...Rf2+)} 36. g4 Rf2+ 37. Kg3 Ra2 38. b4 Bb1 39. Kf4 Nf7 40. Nf5 g6 ({Black should play} 40... g5+ $19 41. Kf3 Ne5+ 42. Kg3 Bxf5 43. gxf5 Kg7) 41. Rc8+ $17 Kh7 42. Rc7 gxf5 43. Rxf7+ {[%emt 0:00:12][%mdl 4096] Endgame KRB-KR} Kg6 44. Ra7 {[%emt 0:00:07] [#]} fxg4 45. Kxg4 Bf5+ 46. Kf4 {[%emt 0:02:18] Hoping for Ra6+.} Rf2+ 47. Kg3 Rf1 48. b5 {[%emt 0:04:53] [#]} (48. Ra8 $17) 48... h5 $1 $19 49. a4 $2 (49. Rc7) 49... Rb1 $2 (49... Kg5 $19 {is more deadly.} 50. Rg7+ Kf6) 50. Ra8 $2 (50. e4 $17 Bxe4 51. Kf4) 50... Rb4 {[%emt 0:01:33] and ...h4+ would now be decisive} 51. Rg8+ Kf6 52. Rh8 Kg5 53. Rg8+ Kh6 $2 (53... Bg6 54. Rg7 h4+ (54... Rxa4 $2 55. b6 $19) 55. Kf3 Rxa4) 54. Rh8+ Kg6 55. Rg8+ Kf7 56. Rg5 h4+ 57. Kf3 $2 (57. Kh2 $19 Kf6 58. Rg2) 57... Kf6 58. Rg8 Rxa4 (58... Be4+ $142 59. Kf2 Rb2+ (59... Rxa4 $2 60. Rg4 $19) 60. Kg1 h3 61. Rh8 Rg2+ 62. Kf1 h2 63. Ke1 Rb2 64. Kd1 h1=Q+ (64... h1=R+ $2 65. Rxh1 Bxh1 66. Kc1 $19) 65. Rxh1 Bxh1 66. Kc1 Ra2 67. Kb1 Rxa4 68. Kb2 Rb4+ 69. Kc3 Rxb5 70. Kc4 Re5 71. Kd4 Re4+ 72. Kd3 Ra4 73. Kc2 Rc4+ 74. Kd3 Re4) 59. Rh8 Rb4 (59... Kg7 $142 60. Rd8 Bg4+ 61. Kf2 Ra2+ 62. Ke1 h3 63. Rd4 Bf3 (63... Rg2 $2 64. Kf1 $19) 64. b6 h2 65. Rh4 h1=Q+ (65... h1=R+ $2 66. Rxh1 Bxh1 67. Kd1 $19) 66. Rxh1 Bxh1 67. Kd1 Bf3+ 68. Kc1 Be4 69. Kd1 Kf6 70. Kc1 Kf5 71. Kd1 Kg4 72. Kc1 Kf3 73. b7 Bxb7 74. Kb1 Bd5 75. e4 Kxe4 (75... Bxe4+ 76. Kxa2 $11) 76. Kc1 Kd3 77. Kb1 Kc3 78. Kc1 Ra1#) 60. b6 h3 (60... Kg7 $142 61. Rd8 Bg4+ (61... Rxb6 $2 62. e4 $19) 62. Kg2 Rb2+ (62... Rxb6 $2 63. Rd4 $19) 63. Kf1 h3 (63... Rxb6 $2 64. Rd4 $19) 64. Rd4 Bf3 65. Ke1 h2 (65... Rxb6 $2 66. Rh4 $19) 66. Rh4 h1=Q+ (66... h1=N $2 67. Rd4 $19) 67. Rxh1 Bxh1 68. Kd1 Be4 (68... Rxb6 $2 69. Kc2 $19) 69. Ke1 Bf3 (69... Rxb6 70. Ke2 $19) 70. e4 Bxe4 (70... Rxb6 $2 71. Kd2 $19) 71. b7 Rxb7 72. Ke2 Rb3 73. Kf2 Kg6 74. Ke2 Kf5 75. Kf2 Kf4 76. Ke2 Rb2+ 77. Kf1 Kf3 78. Ke1 Ke3 79. Kf1 Rb1#) 61. Kg3 Ke5 (61... Rxb6 62. Rh6+ Bg6 63. Rxh3 $17) 62. Re8+ Be6 63. Rb8 Rg4+ 64. Kf3 Rh4 {[%emt 0:04:57] Weighted Error Value: White=1.03/Black=0.57  Loses game:     	White=2     	---        Missed win:     	---       	Black=1      Mistake:       	White=7     	Black=3      Inaccurate:     	White=5     	Black=1      OK:         	White=11    	Black=18     Best:        	White=5     	Black=8      Strong:       	---       	Black=2} 0-1

[Event "4NCL Div 2 2024-25"]
[Site "England"]
[Date "2025.01.25"]
[Round "3.22"]
[White "Noyce, Robert C"]
[Black "Burnett, Jim"]
[Result "1/2-1/2"]
[Annotator "TA"]
[ECO "C01"]
[WhiteElo "2067"]
[BlackElo "2060"]
[PlyCount "58"]
[EventDate "2024.11.23"]
[EventType "team-tourn"]
[EventCountry "ENG"]
[SourceTitle "playchess.com"]
[Source "ChessBase"]
[SourceQuality "1"]
[TimeControl "40/6000+30:3000+30"]

1. c4 e6 2. e4 d5 3. exd5 exd5 4. cxd5 Nf6 5. Nc3 Nxd5 6. d4 Be7 7. Bc4 Nb6 8. Bb3 O-O {[%emt 0:00:45] C01: French: Exchange Variation.} 9. Be3 Nc6 10. Nge2 Bf5 ({Black should play} 10... Na5) 11. O-O Na5 12. Bc2 Bxc2 13. Qxc2 Nac4 14. Bf4 c6 15. b3 Nd6 16. Rad1 Rc8 17. Qd3 $146 (17. Be5 Qd7 18. Ng3 Rfe8 19. Rfe1 Bf8 20. Qd2 Nf5 21. Qg5 Nxg3 22. Qxg3 Nd5 23. Ne4 {0-1 Feldmann,H (2135)-Barthel,A (2230) Ruhrgebiet VL2 9697 1996}) 17... Ne8 18. d5 cxd5 19. Nxd5 Nxd5 20. Qxd5 Qxd5 {[%emt 0:00:25] The position is equal.} 21. Rxd5 Nf6 {[%emt 0:00:10] Inhibits Rd7.} 22. Rd2 {[%emt 0:05:54] Not much happening anymore} Bb4 23. Rd4 Bc5 24. Rd3 Rfe8 25. Nc3 a6 26. a4 Rcd8 27. Rxd8 Rxd8 28. Rd1 {[%emt 0:01:06] Prevents Rd3} Rxd1+ 29. Nxd1 Kf8 {[%emt 0:00:39] Not much happened in this game.   Weighted Error Value: White=0.07 (flawless) /Black=0.09 (flawless)   Mistake:       	---       	Black=1      Inaccurate:     	White=2     	---        OK:         	White=8     	Black=8} 1/2-1/2

[Event "4NCL Div 2 2024-25"]
[Site "England"]
[Date "2025.01.25"]
[Round "3.23"]
[White "Wills, Tom"]
[Black "Tart, Peter K"]
[Result "1-0"]
[Annotator "TA"]
[ECO "C42"]
[WhiteElo "1976"]
[BlackElo "1903"]
[PlyCount "71"]
[EventDate "2024.11.23"]
[EventType "team-tourn"]
[EventCountry "ENG"]
[SourceTitle "playchess.com"]
[Source "ChessBase"]
[SourceQuality "1"]
[TimeControl "40/6000+30:3000+30"]

1. e4 e5 2. Nf3 Nf6 3. Nxe5 Nxe4 4. Qe2 Qe7 5. Qxe4 d6 6. d4 dxe5 7. dxe5 Nc6 {[%emt 0:00:04] C42: Petroff Defence: 3 Nxe5 and unusual White 3rd moves.} 8. Nc3 Qxe5 9. Qxe5+ Nxe5 {[%emt 0:00:04] White is slightly better.} 10. Bf4 Bd6 11. Bg3 f6 12. O-O-O Be6 13. Nb5 Rd8 14. Nxd6+ Rxd6 15. Rxd6 $146 (15. Re1 $16 {Threatens to win with f4.} g5 16. Bxe5 fxe5 17. Rxe5) (15. Bb5+ Bd7 16. Bxe5 Rxd1+ 17. Rxd1 Bxb5 18. Bxc7 Ke7 19. b3 Rc8 20. Bf4 Bc6 21. Be3 {½-½ Tishin,P (2443)-Afromeev,V (2556) RUS-Cup sf 03 2005 (3)}) 15... cxd6 $14 16. Be2 Bd5 17. f3 Ke7 18. Re1 {[%emt 0:07:57] [#]} Kd7 19. Rd1 Bc6 20. Bf2 Kc7 21. b3 (21. Bxa7 b6 $15) 21... h5 22. Be1 h4 23. h3 Ng6 (23... Re8 $14) 24. Rd4 $16 Re8 ({Black should try} 24... Bd7 25. c4 (25. Bb4 d5 $16) 25... Bf5) 25. Kd2 Rh8 (25... Re7 $16 26. Bxh4 a6) 26. Rg4 $18 Rh6 27. Bd3 Be8 28. Kd1 {[%emt 0:01:27] [#]} Kc6 29. Bd2 Ne5 30. Rxg7 Rh8 31. Be2 a6 32. Be1 Ng6 33. Bd2 $2 {[%emt 0:01:03] Dodges Nf4} ({White should play} 33. Ba5 $18) 33... Rh5 $2 (33... Ne5 $1 $11 {and Black is okay.} 34. c4 Bh5) 34. f4 {[%emt 0:00:40] White is clearly winning.} Rh8 35. Bf3+ d5 36. c4 {[%emt 0:00:12] Weighted Error Value: White=0.19 (very precise) /Black=0.53  Loses game:     	---       	Black=1      Missed win:     	White=1     	---        Mistake:       	White=1     	Black=3      Inaccurate:     	---       	Black=4      OK:         	White=14    	Black=7      Best:        	White=2     	Black=1} 1-0

[Event "4NCL Div 2 2024-25"]
[Site "England"]
[Date "2025.01.25"]
[Round "3.24"]
[White "Shek, Daniel"]
[Black "Jaufarally, Nadia"]
[Result "0-1"]
[Annotator "TA"]
[ECO "A28"]
[WhiteElo "1873"]
[BlackElo "1929"]
[PlyCount "157"]
[EventDate "2024.11.23"]
[EventType "team-tourn"]
[EventCountry "ENG"]
[SourceTitle "playchess.com"]
[Source "ChessBase"]
[SourceQuality "1"]
[TimeControl "40/6000+30:3000+30"]

1. c4 e5 2. Nc3 Nf6 3. Nf3 Nc6 4. e4 Bc5 5. Nxe5 Nxe5 6. d4 Bxd4 7. Qxd4 Nc6 8. Qd1 h6 9. Bf4 O-O {[%emt 0:04:26] White is better.} 10. Be2 Re8 11. f3 b6 (11... d6 $142) 12. Qd2 d6 13. O-O-O Ne5 14. g4 Ba6 15. b3 Nh7 16. h4 Ng6 {[%emt 0:01:42] [#]} (16... Bb7 $16 17. Be3 Qd7) 17. Bg3 (17. Be3 $1 $18) 17... Bb7 $16 18. Nd5 Bxd5 (18... a6 $16 {was necessary.} 19. Kb1 a5) 19. cxd5 $18 (19. exd5 $6 Qf6 20. Kb1 Ne5 $16) 19... a6 {[%emt 0:03:52] Black is weak on the light squares} 20. Kb1 Qe7 21. Qd4 Qf6 22. Qxf6 Nxf6 23. Bd3 (23. Rd2 $18) 23... Ne5 $16 24. Bxe5 dxe5 25. Rc1 Re7 26. g5 Ne8 27. gxh6 gxh6 28. Rc6 Nd6 29. Rhc1 Ra7 30. Kc2 f6 31. Kd2 Rg7 32. Ke3 Kf8 33. Be2 f5 34. exf5 Nxf5+ 35. Kd3 Nd6 36. Bf1 Rf7 37. Ke3 Kg7 ({Black should play} 37... Nf5+ $14 38. Ke4 Nd6+ 39. Kxe5 Rxf3) 38. Bh3 (38. Bd3 $142) 38... Kf8 39. Rg1 Rg7 {[%emt 0:00:34] Against Rg6} 40. Rxg7 Kxg7 $18 {[%emt 0:00:02][%mdl 4096] Endgame KRB-KRN} 41. f4 Kf6 42. f5 (42. h5 $16) 42... Rb7 43. Kf3 h5 44. a4 a5 45. Rc1 {[%emt 0:00:00] [#]} (45. Bf1 $1 $11 {was the only way to keep the balance.}) 45... Nxf5 (45... b5 $1 $17 46. axb5 (46. Rg1 bxa4 47. Rg6+ Kf7 $11) 46... Nxb5 (46... Rxb5 $2 47. Rc3 $19) 47. Rc6+ Nd6) 46. Bxf5 $11 Kxf5 $17 {[%emt 0:00:03] KR-KR. Black is a pawn up.} 47. Rg1 b5 48. Rg5+ Kf6 49. Rxh5 bxa4 50. bxa4 Rb3+ 51. Ke2 Rb4 52. Rh7 Rxa4 53. h5 Rc4 54. Kd3 Rd4+ 55. Kc3 Rxd5 {[%emt 0:00:45] Strongly threatening ...e4.} 56. Rxc7 Kg5 57. Kc4 Rd1 {[%emt 0:00:21] ( -> ...Rc1+)} ({Much less strong is} 57... Rd4+ 58. Kc5 $17) 58. Re7 Kf6 59. Ra7 a4 60. h6 Rd4+ 61. Kc3 Rh4 (61... Kg6 62. h7 Rh4 63. Rxa4 Rxh7 64. Kd2 Rh3) 62. h7 (62. Kd3 Rh3+ 63. Kd2 Rxh6 64. Rxa4 Rh1 65. Ra6+) 62... a3 63. Kb3 Rh3+ 64. Ka2 e4 65. Rxa3 $2 (65. Ra4 $11) 65... Rxh7 {[%emt 0:00:12] Black mates.} 66. Kb2 Rc7 67. Ra8 Ke5 68. Re8+ Kd4 69. Rd8+ Ke3 70. Kb3 Ke2 71. Kb2 e3 72. Kb3 Ke1 73. Kb2 Rf7 74. Kc3 e2 75. Rh8 Kf2 76. Rh2+ Ke3 77. Rh1 Rf1 78. Rh3+ Kf4 79. Rh4+ {[%emt 0:00:31] Both players deserved the win here.   Weighted Error Value: White=0.17 (very precise) /Black=0.17 (very precise)   Loses game:     	White=1     	---        Mistake:       	White=5     	Black=5      Inaccurate:     	White=2     	Black=4      OK:         	White=20    	Black=18     Best:        	White=2     	Black=4} 0-1

[Event "4NCL Div 2 2024-25"]
[Site "England"]
[Date "2025.01.25"]
[Round "3.25"]
[White "Rees, Ioan"]
[Black "Tanmay Chopra"]
[Result "1/2-1/2"]
[Annotator "TA"]
[ECO "E16"]
[WhiteElo "2251"]
[BlackElo "2360"]
[PlyCount "57"]
[EventDate "2024.11.23"]
[EventType "team-tourn"]
[EventCountry "ENG"]
[SourceTitle "playchess.com"]
[Source "ChessBase"]
[SourceQuality "1"]
[TimeControl "40/6000+30:3000+30"]

1. d4 Nf6 2. c4 e6 3. g3 d5 4. Bg2 Bb4+ 5. Nd2 O-O 6. Ngf3 b6 7. O-O Bb7 8. a3 Bd6 {[%emt 0:00:00] E16: Queen's Indian: 4 g3 Bb7 5 Bg2 Bb4+.} 9. b4 dxc4 10. Nxc4 Bd5 $146 {[%emt 0:00:00] White is slightly better.} (10... Nbd7 11. Nxd6 cxd6 12. Bf4 Qe7 13. Rc1 b5 14. Qd3 Rfb8 15. Nd2 Bxg2 16. Kxg2 Nd5 {0-1 Bardone,L (2234)-Tiviakov,S (2531) Trieste op 26th 2024 (6)}) 11. Qc2 Be4 12. Qb2 Qe8 13. Ncd2 {[%emt 0:06:17] [#]} Bd5 14. Re1 (14. Qb1 $16) 14... Ne4 $1 $11 15. Nxe4 (15. Ne5 {simplifies} Nxd2 16. Bxd2 Bxg2 17. Kxg2 Bxe5 18. dxe5 c5 19. b5) 15... Bxe4 16. Ng5 Bxg2 17. Qb1 {[%emt 0:06:20][%csl Gg5][%cal Rb1h7] [#]} f5 $1 18. Kxg2 {[%emt 0:00:36] Black must now prevent Qb3.} Nc6 19. Qd3 h6 20. Nf3 e5 21. dxe5 Nxe5 22. Qd5+ Qf7 23. Qxf7+ (23. Rd1 {is more complex.} Nxf3 24. Kxf3 a5 25. b5) 23... Rxf7 24. Bf4 Nxf3 25. Kxf3 Bf8 26. Rec1 g5 (26... c5 $11) 27. Bxc7 $16 Rc8 28. Be5 (28. Bf4 $1 $16 Rxc1 29. Bxc1) 28... Re8 $11 29. Bd4 {[%emt 0:13:51] Weighted Error Value: White=0.12 (very precise) /Black=0.13 (very precise)   Mistake:       	White=2     	Black=1      OK:         	White=11    	Black=6      Best:        	White=1     	---        Strong:       	---       	Black=2} 1/2-1/2